 Dungeon Crawl Stone Soup version 0.25-a0-425-g0e000e855e (webtiles) character file.

Game seed: 10292034243635362826, levelgen mode: deterministic

598 zeli25 the Thaumaturge (level 7, 0/37 HPs)
             Began as a Deep Elf Wizard on Jan 24, 2020.
             Was an Initiate of Vehumet.
             Slain by Purgy (1 damage)
             ... in a sewer.
             The game lasted 00:14:08 (3890 turns).

zeli25 the Thaumaturge (Deep Elf Wizard)            Turns: 3890, Time: 00:14:10

Health: 0/37       AC:  4    Str:  6    XL:     7   Next: 17%
Magic:  15/21      EV: 13    Int: 23    God:    Vehumet [......]
Gold:   170        SH:  0    Dex: 13    Spells: 12/23 levels left

rFire    . . .     SeeInvis .   l - +1 dagger (venom)
rCold    + . .     Gourm    .   (no shield)
rNeg     . . .     Faith    .   g - +0 robe {Archmagi}
rPois    .         Spirit   .   b - +0 hat
rElec    .         Reflect  .   (no cloak)
rCorr    .         Harm     .   (no gloves)
MR       .....                  o - +1 pair of boots
Stlth    +++.......             C - amulet "Fuston" {Acrobat rC+}
HPRegen  0.12/turn              (no ring)
MPRegen  0.17/turn              (no ring)

@: invisible
A: no striking features
a: Renounce Religion


You were in a sewer.
You worshipped Vehumet.
Vehumet was noncommittal.
You were not hungry.

You visited 2 branches of the dungeon, and saw 5 of its levels.
You also visited: Sewer.

You collected 170 gold pieces.

Inventory:

Hand Weapons
 l - a +1 dagger of venom (weapon)
Missiles
 e - 72 stones (quivered)
Armour
 a - a +0 robe
 b - a +0 hat (worn)
 g - a +0 robe of the Archmagi (worn)
 o - a +1 pair of boots (worn)
 s - a cursed +0 ring mail
Magical Staves
 z - an uncursed staff of death
Jewellery
 t - an uncursed ring of fire
 y - an uncursed ring of stealth {unknown}
 C - the amulet "Fuston" (around neck) {Acrobat rC+}
   (You found it on level 4 of the Dungeon)

   [amulet of the acrobat]

   It helps you evade while moving and waiting.
   It protects you from cold.
Scrolls
 c - 2 scrolls of amnesia {unknown}
 i - 2 scrolls of teleportation {unknown}
 j - a scroll of remove curse {unknown}
 m - a scroll of blinking {unknown}
 n - a scroll of fear {unknown}
 p - a scroll of magic mapping {unknown}
 q - a scroll of enchant weapon {unknown}
 u - 3 scrolls of immolation {unknown}
 v - a scroll of random uselessness {unknown}
Potions
 f - a potion of flight {unknown}
 h - a potion of heal wounds {unknown}
 k - 2 potions of lignification {unknown}
 r - a potion of curing {unknown}
 w - 2 potions of berserk rage
 x - a potion of haste {unknown}
 A - a potion of invisibility
 B - a potion of mutation {unknown}
 D - a potion of agility {unknown}
Comestibles
 d - 8 rations


   Skills:
 + Level 0.4 Fighting
 + Level 0.2 Short Blades
 + Level 3.2 Dodging
 + Level 4.1 Stealth
 + Level 8.8 Spellcasting
 + Level 4.1 Conjurations
   Level 1.1 Summonings
 + Level 1.1 Translocations


You had 12 spell levels left.
You knew the following spells:

 Your Spells              Type           Power        Failure   Level  Hunger
a - Magic Dart            Conj           ####         1%          1    None
b - Blink                 Tloc           N/A          6%          2    None
c - Slow                  Hex            ###.....     10%         2    None
d - Conjure Flame         Conj/Fire      ####....     9%          3    None
e - Mephitic Cloud        Conj/Pois/Air  ###.....     11%         3    None

Your spell library contained the following spells:

 Spells                   Type           Power        Failure   Level  Hunger
 Call Imp                 Summ           ###.....     6%          2    None


Dungeon Overview and Level Annotations

Branches:
Dungeon (4/15)             Temple (1/1) D:4           Sewer (1/1)

Altars:
Ashenzari
Cheibriados
Elyvilon
Fedhas
Gozag
Hepliaklqana
Kikubaaqudgha
Makhleb
Nemelex Xobeh
Okawaru
Qazlal
Ru
Trog
Uskayaw
Vehumet
Wu Jian
Xom

Annotations:
Sewer Purgy


Message History

Confirm with . or Enter, or press ? or * to list all spells.
Aiming: Magic Dart (safe; 1% risk of failure)
Press: ? - help, Shift-Dir - straight line, f/p - Purgy
Aim: Purgy (almost dead, very poisoned)
You feel a surge of power!
The magic dart hits Purgy.
Purgy is almost dead.
Purgy bites you.
* * * LOW HITPOINT WARNING * * *
Purgy claws you.
* * * LOW HITPOINT WARNING * * *
Purgy claws you.
* * * LOW HITPOINT WARNING * * *
It was a potion of invisibility.
You fade into invisibility!
Purgy bites you.
* * * LOW HITPOINT WARNING * * *
Purgy claws you.
* * * LOW HITPOINT WARNING * * *
Purgy claws you.
You die...

##########
#..'.≈≈≈.+
####.≈≈≈.#
####.≈≈≈.#
#..'.≈≈≈.+
####.≈≈≈.#
####.≈≈≈.####
#..'.≈≈≈.T..#
####.≈≈≈@#
####.≈≈≈.####
#..'..∩....∩#
####.≈≈≈.####
####.≈≈≈.#
#..'.≈≈≈.+
####.≈≈≈.#
####.≈≈≈.#
#..'.≈≈≈.+


You could see Purgy.

Vanquished Creatures
  Sigmund (D:3)
  A scorpion (D:4)
  2 bullfrog skeletons (D:4)
  An orc wizard (D:3)
  Natasha (thrice) (D:2)
  A worker ant (D:4)
  3 gnolls (D:4)
  9 adders
  2 oozes
  2 dart slugs
  6 leopard geckos
  7 orcs
  2 giant cockroaches (D:1)
  3 goblins
  9 hobgoblins
  4 jackals (D:4)
  A quokka (D:2)
  A ball python (D:4)
  5 bats
  5 frilled lizards
  11 kobolds
  A leopard gecko skeleton (D:4)
  6 rats
86 creatures vanquished.

Notes
Turn   | Place    | Note
-------+----------+-------------------------------------------
     0 | D:1      | zeli25 the Deep Elf Wizard began the quest for the Orb.
     0 | D:1      | Reached XP level 1. HP: 10/10 MP: 7/7
   187 | D:1      | Reached skill level 5 in Spellcasting
   220 | D:1      | Reached XP level 2. HP: 14/15 MP: 7/10
   922 | D:1      | Reached XP level 3. HP: 19/19 MP: 9/12
   926 | D:1      | Learned a level 2 spell: Blink
   929 | D:1      | Learned a level 2 spell: Slow
   933 | D:1      | Learned a level 3 spell: Conjure Flame
   937 | D:1      | Learned a level 3 spell: Mephitic Cloud
  1005 | D:2      | Noticed Natasha
  1010 | D:2      | Killed Natasha
  1010 | D:2      | Reached skill level 6 in Spellcasting
  1155 | D:2      | Reached XP level 4. HP: 24/24 MP: 11/14
  1231 | D:2      | Found a snail-covered altar of Cheibriados.
  1514 | D:2      | Noticed Natasha
  1521 | D:2      | Killed Natasha
  1609 | D:2      | Reached skill level 7 in Spellcasting
  1656 | D:2      | Found a snail-covered altar of Cheibriados.
  1829 | D:2      | Noticed Natasha
  1833 | D:2      | Killed Natasha
  1833 | D:2      | Reached XP level 5. HP: 28/28 MP: 11/16
  2674 | D:3      | Noticed Sigmund
  2689 | D:3      | Killed Sigmund
  2689 | D:3      | Reached skill level 8 in Spellcasting
  2689 | D:3      | Reached XP level 6. HP: 18/32 MP: 3/19
  3124 | D:4      | Got a bound diamond amulet
  3131 | D:4      | Found an opulent altar of Gozag.
  3319 | D:4      | Identified the amulet "Fuston" {Acrobat rC+} (You found it
                  | on level 4 of the Dungeon)
  3393 | D:4      | Found a staircase to the Ecumenical Temple.
  3399 | Temple   | Entered the Ecumenical Temple
  3482 | Temple   | Became a worshipper of Vehumet
  3577 | D:4      | Reached XP level 7. HP: 32/37 MP: 8/21
  3736 | D:4      | Found a glowing drain.
  3748 | Sewer    | Entered a sewer
  3878 | Sewer    | Noticed Purgy
  3890 | Sewer    | HP: 1/37 [Purgy (1)]
  3890 | Sewer    | Slain by Purgy

Levels and vault maps discovered:
D:1:      lemuel_arrival_funnel, layout_basic
D:2:      layout_basic, cheibriados_altar_1, first_ration, uniq_natasha
D:3:      layout_rooms, roderic_cross_of_infinity, due_unseen_surprise,
          uniq_sigmund
D:4:      layout_loops_ring, tso_metal_star, minmay_temple_entry_hall,
          portal_sewer_entry_a, nicolae_gozag_cash_rules_everything_around_me
Temple:   eino_temple_rhombus
Sewer:    kennysheep_door_sewer

Skill      XL: |  1  2  3  4  5  6 |
---------------+-------------------+-----
Spellcasting   | 5 6 7 8 |  8.8
Conjurations   | 2 3 4 |  4.1
Stealth        | 3 4 |  4.1
Dodging        | 3 |  3.2
Fighting       | |  0.4
Short Blades   | |  0.2
Summonings     | |  1.1
Translocations | |  1.1

Action                   |  1- 3 |  4- 6 |  7- 9 || total
-------------------------+-------+-------+-------++-------
Melee: Dagger            |     3 |    13 |    12 ||    28
 Cast: Magic Dart        |    63 |   118 |    30 ||   211
       Conjure Flame     |       |     1 |       ||     1
  Use: Scroll            |       |     4 |       ||     4
       Potion            |       |       |     1 ||     1
  Eat: Chunk             |     1 |     3 |     1 ||     5
       Ration            |       |     1 |       ||     1
Armor: Robe              |     1 |     4 |     5 ||    10
Dodge: Dodged            |     7 |    34 |    21 ||    62

Table legend:
 A = Non-vault XP
 B = Vault XP
 C = Vault XP percentage of total XP
 D = Non-vault monster count
 E = Vault monster count
 F = Vault count percentage of total count
                 A         B        C        D         E       F
            +---------+---------+-------+---------+---------+-------
      Total |     583 |     272 |  31.8 |      79 |       7 |   8.1
            +---------+---------+-------+---------+---------+-------
        D:1 |      41 |       0 |   0.0 |      22 |       0 |   0.0
        D:2 |     151 |      35 |  18.8 |      22 |       1 |   4.3
        D:3 |     138 |     231 |  62.6 |      19 |       1 |   5.0
        D:4 |     253 |       4 |   1.6 |      16 |       4 |  20.0
      Sewer |       0 |       2 | 100.0 |       0 |       1 | 100.0
            +---------+---------+-------+---------+---------+-------
